 Dungeon Crawl Stone Soup version 0.26-a0-837-g5a8a614f01 (webtiles) character file.

Game seed: 13585547085256420193

986 Essalna the Firebug (level 8, -3/46 HPs)
             Began as a Tengu Fire Elementalist on Nov 18, 2020.
             Killed by nerve-wracking pain
             ... invoked by Grinder
              (11 damage)
             ... on level 6 of the Dungeon.
             The game lasted 00:11:20 (5647 turns).

Essalna the Firebug (Tengu Fire Elementalist)       Turns: 5647, Time: 00:11:21

Health: -3/46      AC:  6    Str:  9    XL:     8   Next: 18%
Magic:  1/15       EV: 12    Int: 17    God:
Gold:   234        SH:  0    Dex: 15    Spells: 14/15 levels left

rFire    + . .     SeeInvis .   m - +0 dagger (speed)
rCold    x . .     Faith    .   (no shield)
rNeg     . . .     Spirit   .   w - +0 ring mail {rPois}
rPois    +         Reflect  .   (helmet restricted)
rElec    .         Harm     .   (no cloak)
rCorr    .         Rampage  .   (no gloves)
MR       .....                  (boots unavailable)
Stlth    +.........             (no amulet)
HPRegen  0.15/turn              h - ring of poison resistance
MPRegen  0.14/turn              g - ring of fire

@: studying Armour
A: beak, talons 3, able to fly
a: Fly


You were on level 6 of the Dungeon.
You visited 2 branches of the dungeon, and saw 7 of its levels.

You collected 234 gold pieces.

Inventory:

Hand Weapons
 c - a +0 dagger
 m - a +0 dagger of speed (weapon)
Armour
 a - a +0 robe
 l - a cursed -2 helmet
 w - a +0 ring mail of poison resistance (worn)
Jewellery
 d - a +4 ring of slaying
 g - a ring of fire (right hand)
 h - a ring of poison resistance (left hand)
 n - a -4 ring of dexterity
 t - a +6 ring of strength
Wands
 u - a wand of iceblast (10)
Scrolls
 b - 3 scrolls of remove curse
 i - 2 scrolls of identify
 o - a scroll of noise {unknown}
 r - a scroll of magic mapping {unknown}
 x - a scroll of amnesia {unknown}
Potions
 e - 2 potions of degeneration
 f - a potion of attraction {unknown}
 j - 2 potions of berserk rage {unknown}
 k - 2 potions of heal wounds {unknown}
 q - a potion of mutation {unknown}
 s - a potion of invisibility {unknown}
 v - 2 potions of flight {unknown}
Books
 p - a manual of Armour


   Skills:
 + Level 3.2 Fighting
 + Level 4.6 Armour
 + Level 4.3 Dodging
 - Level 2.0 Stealth
 + Level 4.0 Spellcasting
 + Level 5.1 Conjurations
 + Level 5.4 Fire Magic


You had 14 spell levels left.
You knew the following spells:

 Your Spells              Type           Power        Failure   Level
a - Foxfire               Conj/Fire      ####         4%          1

Your spell library contained the following spells:

 Spells                   Type           Power        Failure   Level
 Conjure Flame            Conj/Fire      ####....     14%         3
 Inner Flame              Hex/Fire       ###.....     36%         3
 Sticky Flame             Conj/Fire      ####....     41%         4
 Fireball                 Conj/Fire      ####......   77%         5


Dungeon Overview and Level Annotations

Branches:
Dungeon (6/15)             Temple (1/1) D:4

Altars:
Ashenzari
Cheibriados
Dithmenos
Elyvilon
Fedhas
Gozag
Hepliaklqana
Kikubaaqudgha
Makhleb
Okawaru
Qazlal
Ru
Sif Muna
Uskayaw
Wu Jian
Xom
Yredelemnul

Shops:
D:2 *   D:5 ![?:

Annotations:
D:6 Grinder


Innate Abilities, Weirdness & Mutations

You have a beak for a mouth.
You have claws for feet.
You can fly continuously.


Message History

Confirm with . or Enter, or press ? or * to list all spells.
You feel a surge of power!
You conjure some foxfire!
The foxfire hits Grinder.
Grinder is heavily wounded.
The foxfire hits the bullfrog.
The bullfrog is almost dead.
The bullfrog hits you.
* * * LOW HITPOINT WARNING * * *
Grinder barely misses you. The iguana bites you.
* * * LOW HITPOINT WARNING * * *
The bullfrog hits you.
* * * LOW HITPOINT WARNING * * *
Casting: Foxfire (safe; 4% risk of failure)
Confirm with . or Enter, or press ? or * to list all spells.
You feel a surge of power!
You conjure some foxfire!
The foxfire hits Grinder.
Grinder is severely wounded.
The foxfire hits Grinder.
Grinder is almost dead.
Grinder gestures at you. Pain shoots through your body!
You die...

# #.#........ .##.
#..##...... . ....#
#........ ..
#...##..#.... ..
##......#...######.. 5.
#####............#.....
.#
.(......##.....v[..####$#
.###..#.##.....F@5......#
.# #..#.....#.#v.l#####.#
####..#...##..##....# #
#...##.##.....##.....
#..#...##.###.# #####
###..#.####. #.# .......#
.. #.# .##..### .. #.
###..#.#


You could see Grinder, a bullfrog and an iguana.

Vanquished Creatures
  Sigmund (D:5)
  Duvessa (D:6)
  2 ogres (D:4)
  A phantom (D:5)
  Dowan (D:6)
  A hound (D:5)
  An orc priest (D:5)
  An iguana (D:5)
  2 orc wizards
  3 worker ants
  Robin (D:2)
  A howler monkey skeleton (D:5)
  5 adders
  An ufetubus (D:5)
  2 worms
  5 dart slugs
  4 leopard geckos
  7 orcs
  13 bats
  4 giant cockroaches
  16 goblins
  6 hobgoblins
  6 jackals
  2 quokkas
  A ball python (D:2)
  6 frilled lizards
  A jackal skeleton (D:4)
  12 kobolds
  A quokka zombie (D:5)
  7 rats
115 creatures vanquished.

Vanquished Creatures (collateral kills)
  2 foxfires (D:2)
2 creatures vanquished.

Vanquished Creatures (others)
  462 foxfires
462 creatures vanquished.

Grand Total: 579 creatures vanquished

Notes
Turn   | Place    | Note
-------+----------+-------------------------------------------
     0 | D:1      | Essalna the Tengu Fire Elementalist began the quest for the
                  | Orb.
     0 | D:1      | Reached XP level 1. HP: 10/10 MP: 4/4
   189 | D:1      | Reached XP level 2. HP: 15/15 MP: 0/6
   818 | D:1      | Reached XP level 3. HP: 19/19 MP: 3/7
  1442 | D:2      | Found Gozag's Platinum Reserve.
  1483 | D:2      | Found an opulent altar of Gozag.
  1518 | D:2      | Found a burning altar of Makhleb.
  1665 | D:2      | Reached XP level 4. HP: 24/24 MP: 4/8
  1876 | D:2      | Reached skill level 1 in Armour
  1878 | D:2      | Reached skill level 1 in Fighting
  1932 | D:2      | Found a basalt altar of Yredelemnul.
  1946 | D:2      | Noticed Robin
  2008 | D:2      | Killed Robin
  2466 | D:3      | Gained mutation: You can fly continuously. [Tengu growth]
  2466 | D:3      | Reached XP level 5. HP: 29/29 MP: 5/10
  2652 | D:3      | Found a blossoming altar of Fedhas.
  2889 | D:3      | Found a stormy altar of Qazlal.
  3456 | D:4      | Noticed an ogre
  3462 | D:4      | Killed an ogre
  3463 | D:4      | Reached XP level 6. HP: 35/35 MP: 5/11
  3830 | D:4      | Found an iron altar of Okawaru.
  4033 | D:4      | Found a staircase to the Ecumenical Temple.
  4044 | Temple   | Entered the Ecumenical Temple
  4216 | D:5      | Entered Level 5 of the Dungeon
  4218 | D:5      | Noticed a phantom
  4223 | D:5      | Killed a phantom
  4224 | D:5      | Reached XP level 7. HP: 40/40 MP: 7/13
  4321 | D:5      | Found Mifyin's Armour Boutique.
  4530 | D:5      | Found Neaxtol's Distillery.
  4530 | D:5      | Noticed Sigmund
  4536 | D:5      | Killed Sigmund
  4537 | D:5      | Reached skill level 5 in Fire Magic
  4924 | D:5      | Found Axoemaof's Book Shoppe.
  4946 | D:5      | Found Odeipaqil's Magic Scroll Shoppe.
  5219 | D:5      | Found a snail-covered altar of Cheibriados.
  5330 | D:6      | Found a snail-covered altar of Cheibriados.
  5352 | D:6      | Noticed Duvessa
  5352 | D:6      | Noticed Dowan
  5372 | D:6      | Killed Duvessa
  5373 | D:6      | Reached skill level 5 in Conjurations
  5373 | D:6      | Reached XP level 8. HP: 35/46 MP: 3/15
  5490 | D:6      | Killed Dowan
  5627 | D:6      | Noticed Grinder
  5647 | D:6      | Killed from afar by Grinder

Illustrated notes

Levels and vault maps discovered:
D:1:      minmay_arrival_diagonal_passages, layout_basic, due_unseen_surprise
D:2:      layout_basic, yredelemnul_altar_generic, bloody_makhleb,
          nrook_mini_vaults, nicolae_gozag_zags_fifth_avenue, uniq_robin
D:3:      layout_rooms, nicolae_overflow_hidden_temple,
          nicolae_qazlal_general_emergency
D:4:      layout_rooms, okawaru_trees_2, minmay_temple_entry_nine_rooms,
          minmay_manual_mess
D:5:      layout_gridville, lemuel_coloured_pillars_altar, serial_shops, shop,
          nicolae_shop_waterfront, shop, shop, uniq_sigmund
D:6:      layout_rooms, lightli_temple_of_fire, basic_altar,
          ebering_ghost_gozag, trog_three_pillars_becter, uniq_maggie,
          uniq_grinder, uniq_duvessa
Temple:   nicolae_temple_x_marks_the_god

Skill      XL: |  1  2  3  4  5  6  7 |
---------------+----------------------+-----
Conjurations   | 2 3 4 5 |  5.1
Armour         | 1 2 4 |  4.6
Fighting       | 1 2 3 |  3.2
Fire Magic     | 4 5 |  5.4
Spellcasting   | 3 4 |  4.0
Dodging        | 3 4 |  4.3
Stealth        | |  2.0

Action                   |  1- 3 |  4- 6 |  7- 9 || total
-------------------------+-------+-------+-------++-------
Melee: Unarmed           |     3 |       |       ||     3
       Dagger            |    45 |    16 |       ||    61
       Kick              |     7 |     8 |       ||    15
       Peck              |     3 |     2 |       ||     5
 Cast: Foxfire           |    58 |   137 |    91 ||   286
  Use: Scroll            |       |     3 |       ||     3
 Stab: Sleeping          |     7 |     1 |       ||     8
Armor: Robe              |    11 |     3 |       ||    14
       Ring mail         |       |       |     1 ||     1
Dodge: Dodged            |    38 |    18 |    12 ||    68

Table legend: (Time is in decaauts)
 A = Elapsed time spent in this place.
 B = Non-inter-level travel time spent in this place.
 C = Inter-level travel time spent in this place.
 D = Time resting spent in this place.
 E = Time spent auto-exploring this place.
 F = Levels seen in this place.
 G = Mean time per level.
                   A        B        C        D        E       F      G
               +--------+--------+--------+--------+--------+-----+--------+
         Total |   5637 |   5515 |    122 |      0 |   4703 |   7 |  805.3 |
       Dungeon |   5569 |   5447 |    122 |      0 |   4651 |   6 |  928.2 |
        Temple |     67 |     67 |      0 |      0 |     52 |   1 |   67.0 |
               +--------+--------+--------+--------+--------+-----+--------+

Top non-repeatable levels by time:
     D:1: 1297 daAuts
     D:2: 1124 daAuts
     D:5: 1111 daAuts
     D:4: 920 daAuts
     D:3: 798 daAuts
     D:6: 316 daAuts
  Temple: 67 daAuts
